 Dungeon Crawl Stone Soup version 0.30-a0-778-g2ef04afb54 (webtiles) character file.

Game seed: 2117410609189247205

89 Zenkrye the Poker (level 4, 0/35 HPs)
             Began as a Human Cinder Acolyte on Feb 15, 2023.
             Was a High Priest of Ignis.
             Slain by an orc
             ... wielding a +0 flail
              (6 damage)
             ... on level 3 of the Dungeon.
             The game lasted 00:03:46 (1820 turns).

Zenkrye the Poker (Human Cinder Acolyte)            Turns: 1820, Time: 00:03:46

Health: 0/35       AC:  3    Str: 16    XL:     4   Next: 84%
Magic:  5/5        EV: 11    Int: 14    God:    Ignis [*****.]
Gold:   185        SH:  0    Dex:  9    Spells: 3/5 levels left

rFire   + . .      SeeInvis .    a - -1 spear (flame)
rCold   . . .      Faith    .    (no shield)
rNeg    . . .      Spirit   .    b - +0 robe
rPois   .          Reflect  .    i - +0 helmet
rElec   .          Harm     .    (no cloak)
rCorr   .          Rampage  .    (no gloves)
Will    .....                    (no boots)
Stlth   +                        (no amulet)
HPRegen 0.25/turn                (no ring)
MPRegen 0.09/turn                (no ring)

@: no status effects
A: no striking features
a: Renounce Religion, Fiery Armour, Foxfire Swarm, Rising Flame


You were on level 3 of the Dungeon.
You worshipped Ignis.
Ignis was extremely pleased with you.
You visited 1 branch of the dungeon, and saw 3 of its levels.

You collected 185 gold pieces.

Inventory:

Hand Weapons
 a - a -1 spear of flaming (weapon)
Armour
 b - a +0 robe (worn)
 i - a +0 helmet (worn)
Scrolls
 d - a scroll of immolation
 h - a scroll of teleportation {@r3}
Potions
 c - a potion of degeneration {unknown}
 e - 2 potions of curing {unknown}
 g - a potion of might {unknown}
 j - 2 potions of invisibility {unknown}


   Skills:
 - Level 3.0 Fighting
 * Level 4.3 Polearms
 - Level 1.0 Spellcasting
 + Level 4.1 Fire Magic


You had 3 spell levels left.
You knew the following spells:

 Your Spells              Type           Power      Damage    Failure   Level
a - Scorch                Fire           24%        2d6       8%          2

Your spell library contained the following spells:

 Spells                   Type           Power      Damage    Failure   Level
 Beastly Appendage        Tmut           0%         N/A       26%         1
 Wereblood                Tmut           0%         N/A       36%         2
 Spider Form              Tmut/Pois      0%         N/A       61%         3


Dungeon Overview and Level Annotations

Branches:
Dungeon (3/15)

Altars:
Elyvilon

Shops:
D:3 ?


Message History

You reach to attack!
You hit the frilled lizard. You burn the frilled lizard.
You kill the frilled lizard!
No target in view!
No target in view!
Found a whip.
Found Hotog's Magic Scroll Emporium.
An orc comes into view. It is wielding a +0 flail.
The orc shouts!
You hear a shout!
There is an entrance to Hotog's Magic Scroll Emporium here.
An orc wizard comes into view. It is wielding a +0 dagger.
The orc wizard shouts!
The orc wizard moves out of view.
You hit the orc but do no damage. The orc hits you with a +0 flail.
You barely miss the orc. You punch the orc, but do no damage.
An orc wizard comes into view. It is wielding a +0 dagger.
The orc hits you with a +0 flail.
The orc wizard shouts!
You hit the orc. You burn the orc.
The orc is heavily wounded.
A bat comes into view.
The orc wizard mumbles some strange words.
The orc wizard flickers and vanishes!
Deactivating autopickup; reactivate with Ctrl-A.
The orc hits you with a +0 flail.
The bat moves out of view.
You closely miss the orc.
The orc is heavily wounded.
The orc hits you with a +0 flail.
There is an entrance to Hotog's Magic Scroll Emporium here.
The orc attacks as you move away! The orc hits you with a +0 flail.
The orc attacks as you move away! The orc hits you with a +0 flail.
The orc attacks as you move away! The orc closely misses you.
The orc attacks as you move away! The orc hits you with a +0 flail.
* * * LOW HITPOINT WARNING * * *
There is an escape hatch in the floor here.
The orc attacks as you move away! The orc barely misses you.
A magic dart appears from out of thin air!
The magic dart hits you.
* * * LOW HITPOINT WARNING * * *
The orc attacks as you move away! The orc misses you.
The orc attacks as you move away! The orc hits you with a +0 flail.
You die...

##..###.....#.#......b
............o∩..#
....###.#####.#.# .
##o# #...# ##.># #####
#..## #.## #. #o# ##
#.###@# ..# #.##..#
#..# #.##.##
#..##....#####
#........)..#
###....<.†..#
######..........#
................#
#####..#.......#


You could see an orc wizard and an orc.

Vanquished Creatures
  4 adders
  A worm (D:3)
  A dart slug (D:1)
  A bat (D:2)
  6 endoplasms
  3 giant cockroaches
  6 goblins
  2 hobgoblins
  3 quokkas
  7 ball pythons
  7 frilled lizards
  5 kobolds
  A rat (D:1)
47 creatures vanquished.

Vanquished Creatures (others)
  6 toadstools (D:1)
6 creatures vanquished.

Grand Total: 53 creatures vanquished

Notes
Turn   | Place    | Note
-------+----------+-------------------------------------------
     0 | D:1      | Zenkrye the Human Cinder Acolyte began the quest for the
                  | Orb.
     0 | D:1      | Reached XP level 1. HP: 18/18 MP: 2/2
    94 | D:1      | Reached XP level 2. HP: 19/24 MP: 3/3
   100 | D:1      | Learned a level 2 spell: Scorch
   423 | D:1      | Reached XP level 3. HP: 24/29 MP: 4/4
  1219 | D:2      | Found a white marble altar of Elyvilon.
  1228 | D:2      | Reached XP level 4. HP: 33/35 MP: 5/5
  1794 | D:3      | Found Hotog's Magic Scroll Emporium.
  1820 | D:3      | Slain by an orc

Illustrated notes

Levels and vault maps discovered:
D:1:      amcnicky_arrival_choice, layout_loops_cross, minmay_misc_feat_tiny,
          minmay_gold_behind_fungi
D:2:      layout_basic, basic_altar, roderic_roman_lattice, chequers_garden
D:3:      layout_rooms, serial_shops, nicolae_shop_crystal,
          grunt_decor_one_mirror

Skill      XL: |  1  2  3  4 |
---------------+-------------+-----
Polearms       | 4 |  4.3
Fire Magic     | 4 |  4.1
Fighting       | |  3.0
Spellcasting   | |  1.0

Action                     |  1- 3 |  4- 6 || total
---------------------------+-------+-------++-------
  Melee: Spear             |   128 |    44 ||   172
         Punch             |       |     1 ||     1
   Cast: Scorch            |     6 |     8 ||    14
    Use: Scroll            |     5 |     2 ||     7
   Stab: Sleeping          |     2 |       ||     2
 Armour: Robe              |    19 |     6 ||    25
  Dodge: Dodged            |    68 |    14 ||    82

Table legend: (Time is in decaauts)
 A = Elapsed time spent in this place.
 B = Non-inter-level travel time spent in this place.
 C = Inter-level travel time spent in this place.
 D = Time resting spent in this place.
 E = Time spent auto-exploring this place.
 F = Levels seen in this place.
 G = Mean time per level.
                   A        B        C        D        E       F      G
               +--------+--------+--------+--------+--------+-----+--------+
         Total |   1806 |   1775 |     31 |    241 |   1191 |   3 |  602.0 |
       Dungeon |   1806 |   1775 |     31 |    241 |   1191 |   3 |  602.0 |
               +--------+--------+--------+--------+--------+-----+--------+

Top non-repeatable levels by time:
     D:1: 1013 daAuts
     D:2: 594 daAuts
     D:3: 197 daAuts
